 Dungeon Crawl Stone Soup version 0.23-a0-473-gc8aadda (webtiles) character file.

5765 theanonym the Fighter (level 10, 0/83 HPs)
             Began as a Mummy Warper on Nov 27, 2018.
             Was a Priest of Okawaru.
             Slain by an orc warrior
             ... wielding a +0 trident
              (17 damage)
             ... on level 9 of the Dungeon.
             The game lasted 00:18:12 (11943 turns).

theanonym the Fighter (Mummy Warper)               Turns: 11943, Time: 00:18:12

Health: 0/83       AC: 12    Str: 18    XL:     10   Next: 49%
Magic:  14/14      EV:  5    Int: 13    God:    Okawaru [***...]
Gold:   228        SH:  0    Dex: 11    Spells: 14/14 levels left

rFire    x . .     SeeInvis .   a - +10 arbalest of the Open Hand {freeze, rN+}
rCold    + . .     Gourm    .   (shield currently unavailable)
rNeg     + + +     Faith    .   k - +0 plate armour
rPois    ∞         Spirit   .   (no helmet)
rElec    .         Reflect  .   j - +0 cloak
rCorr    .         Harm     .   i - +0 pair of gloves
MR       +....                  (no boots)
Stlth    ..........             e - amulet of magic regeneration
HPRegen  0.23/turn              (no ring)
MPRegen  0.39/turn              (no ring)

@: no status effects
A: no food or potions, fire vulnerability, cold resistance 1, negative energy
resistance 3, torment resistance, unbreathing
a: Heroism, Renounce Religion


Innate Abilities, Weirdness & Mutations

You do not eat or drink.
Your flesh is vulnerable to fire.
You are immune to poison.
Your flesh is cold resistant. (rC+)
You are immune to negative energy. (rN+++)
You are immune to unholy pain and torment.
You can survive without breathing.


   Skills:
 + Level 9.0 Fighting
 - Level 7.1 Short Blades
 * Level 7.5 Crossbows
 - Level 0.7 Throwing
 - Level 0.7 Armour
 - Level 1.5 Dodging
 - Level 2.6 Spellcasting
   Level 2.4 Translocations
 + Level 4.2 Invocations


You had 14 spell levels left.
You didn't know any spells.
Your spell library contained the following spells:

 Spells                   Type           Power        Failure   Level  Hunger
 Blink                    Tloc           N/A          100%        2    N/A
 Shroud of Golubria       Chrm/Tloc      #.........   100%        2    N/A
 Gell's Gravitas          Tloc           #.........   100%        3    N/A
 Lesser Beckoning         Tloc           #.........   100%        3    N/A
 Teleport Other           Tloc           #.......     100%        3    N/A
 Passage of Golubria      Tloc           N/A          100%        4    N/A

Skill      XL: |  1  2  3  4  5  6  7  8  9 10 |
---------------+-------------------------------+-----
Short Blades   | 2 3 4 5 6 7 |  7.1
Fighting       | 3 4 5 7 8 9 |  9.0
Crossbows      | 3 6 7 |  7.5
Invocations    | 3 4 |  4.2
Throwing       | |  0.7
Armour         | |  0.7
Dodging        | |  1.5
Spellcasting   | |  2.6
Translocations | |  2.4

Action                   |  1- 3 |  4- 6 |  7- 9 | 10-12 || total
-------------------------+-------+-------+-------+-------++-------
Melee: Short sword       |   108 |       |       |       ||   108
       Dagger            |    63 |   247 |   711 |    54 ||  1075
 Fire: Arbalest          |       |       |    19 |    63 ||    82
Throw: Tomahawk          |       |     3 |       |       ||     3
Invok: Heroism           |       |       |       |     1 ||     1
Evoke: Wand              |       |     6 |     2 |       ||     8
  Use: Scroll            |     4 |     8 |     3 |     1 ||    16
 Stab: Sleeping          |     1 |       |       |       ||     1
Armor: Leather armour    |     7 |       |       |       ||     7
       Ring mail         |    46 |    31 |       |       ||    77
       Plate armour      |       |   134 |   417 |    66 ||   617
Dodge: Dodged            |    73 |    26 |    24 |    23 ||   146
Block: Large shield      |    17 |   162 |   302 |       ||   481

Inventory:

Hand Weapons
 a - the +10 arbalest of the Open Hand (weapon) {freeze, rN+}
   (You bought it in a shop on level 4 of the Dungeon)

   It causes projectiles fired from it to freeze those they strike, causing
   extra injury to most foes and up to half again as much damage against
   particularly susceptible opponents.
   They can also slow down cold-blooded creatures.
   It protects you from negative energy.
 b - a +0 dagger of venom
   (You took it off a goblin on level 2 of the Dungeon)
Missiles
 c - 2 tomahawks of dispersal
 p - 21 bolts (quivered)
 C - 2 throwing nets
Armour
 f - a +0 large shield
   (You found it on level 2 of the Dungeon)
 i - a +0 pair of gloves (worn)
   (You found it on level 6 of the Dungeon)
 j - a +0 cloak (worn)
   (You found it on level 1 of the Dungeon)
 k - a +0 plate armour (worn)
   (You found it on level 3 of the Dungeon)
Jewellery
 e - an amulet of magic regeneration (around neck)
   (You found it on level 1 of the Dungeon)
 l - an uncursed ring of stealth {unknown}
   (You found it on level 9 of the Dungeon)
Wands
 s - a wand of random effects (7)
   (You found it on level 4 of the Dungeon)
 v - a wand of paralysis (5)
   (You found it on level 5 of the Dungeon)
 x - a wand of scattershot (7)
   (You found it on level 6 of the Dungeon)
 z - a wand of iceblast (5)
   (You found it on level 4 of the Dungeon)
Scrolls
 d - a scroll of brand weapon {unknown}
 g - 4 scrolls of enchant weapon
 h - 2 scrolls of immolation
 m - 3 scrolls of amnesia
 n - 5 scrolls of remove curse
 o - 2 scrolls of enchant armour
 r - 2 scrolls of identify
 t - 2 scrolls of teleportation {!r}
 w - a scroll of fear
 y - 3 scrolls of magic mapping
 A - a scroll of vulnerability {unknown}
 B - a scroll of blinking


You were on level 9 of the Dungeon.
You worshipped Okawaru.
Okawaru was most pleased with you.
You were not hungry.

You visited 2 branches of the dungeon, and saw 10 of its levels.

You collected 465 gold pieces.
You spent 237 gold pieces at shops.

Dungeon Overview and Level Annotations

Branches:
Dungeon (9/15)             Temple (1/1) D:6            Lair (0/6) D:8
    Orc: D:9-12

Altars:
Ashenzari
Cheibriados
Dithmenos
Elyvilon
Fedhas
Gozag
Hepliaklqana
Kikubaaqudgha
Makhleb
Nemelex Xobeh
Okawaru
Qazlal
Ru
Trog
Uskayaw
Wu Jian
Xom
Yredelemnul
Zin
The Shining One

Shops:
D:4

}(?** +.....))...#
#.......#
#......###.###.......#
#......# #........(..W
###'#### #####..)....#
#.#### ######.## #....#
#.# ####.# #.#
#########'### #####.#
###.o...o.@.[.# #.....##
#('.o..o......# ####...#
...(...#...........#
#≈≈≈≈≈≈≈
...(.###...........#
#####...# (...
#...........#####......#.
(..
#.........(.#...'......+.
..
#...........+.###......##
. #...........# ###'####
###+######### #..#


You could see an orc warrior, an orc priest and 2 orcs.

Notes
Turn   | Place    | Note
-------+----------+-------------------------------------------
     0 | D:1      | theanonym the Mummy Warper began the quest for the Orb.
     0 | D:1      | Reached XP level 1. HP: 16/16 MP: 4/4
   201 | D:1      | Reached skill level 2 in Short Blades
   275 | D:1      | Reached XP level 2. HP: 21/22 MP: 5/5
  1232 | D:2      | Found a stormy altar of Qazlal.
  1469 | D:2      | HP: 11/23 [gnoll zombie (4)]
  1746 | D:2      | Reached XP level 3. HP: 22/28 MP: 7/7
  1857 | D:2      | HP: 12/28 [kobold (3)]
  1865 | D:2      | HP: 7/28 [worm (6)]
  1892 | D:2      | HP: 8/28 [goblin/+0 dagger of venom (1)]
  2345 | D:2      | Found a white marble altar of Elyvilon.
  2816 | D:2      | Found a basalt altar of Yredelemnul.
  2923 | D:3      | Reached skill level 3 in Short Blades
  3021 | D:3      | Reached XP level 4. HP: 29/34 MP: 8/8
  3066 | D:3      | HP: 5/34 [orc priest/divine providence (15)]
  3070 | D:3      | Reached skill level 3 in Fighting
  3490 | D:3      | You fall through a shaft!
  3516 | D:4      | HP: 15/35 [leopard gecko (3)]
  3525 | D:4      | Found Mira's Gadget Shop.
  3874 | D:3      | Found a shimmering altar of Xom.
  3982 | D:3      | Reached XP level 5. HP: 26/41 MP: 9/9
  4080 | D:3      | Found an opulent altar of Gozag.
  4275 | D:4      | Found Yssunean's Magic Scroll Shoppe.
  4416 | D:4      | Reached skill level 4 in Short Blades
  4417 | D:4      | Noticed Duvessa
  4417 | D:4      | Noticed Dowan
  4422 | D:4      | Found Ryramm's Antique Weapon Boutique.
  4435 | D:4      | HP: 12/42 [orc priest/divine providence (14)]
  4437 | D:4      | Killed Duvessa
  4437 | D:4      | Reached skill level 4 in Fighting
  4437 | D:4      | Reached XP level 6. HP: 14/48 MP: 10/10
  4439 | D:4      | HP: 4/48 [orc priest/divine providence (10)]
  4442 | D:4      | HP: 1/48 [orc priest/+0 flail (3)]
  4775 | D:4      | Killed Dowan
  4815 | D:4      | Reached skill level 5 in Short Blades
  5000 | D:4      | Found Ula Iri's Assorted Antiques.
  5023 | D:4      | HP: 16/49 [ogre/cursed +0 giant spiked club (12)]
  5024 | D:4      | Reached XP level 7. HP: 18/55 MP: 11/11
  5289 | D:4      | Found a hazy altar of Hepliaklqana.
  5336 | D:4      | Found Ciqucvukh's Assorted Antiques.
  5443 | D:5      | Entered Level 5 of the Dungeon
  5444 | D:5      | Noticed a hungry ghost
  5512 | D:5      | Killed a hungry ghost
  5539 | D:5      | Reached skill level 5 in Fighting
  5578 | D:5      | Found a glowing silver altar of Zin.
  5837 | D:5      | Reached skill level 6 in Short Blades
  5853 | D:5      | HP: 27/56 [worm (3)]
  6620 | D:6      | Reached XP level 8. HP: 53/63 MP: 12/12
  6641 | D:6      | HP: 16/64 [ogre/+0 giant club (23)]
  6911 | D:6      | Reached skill level 6 in Fighting
  6911 | D:6      | Reached skill level 7 in Short Blades
  6995 | D:4      | Bought a polished arbalest for 237 gold pieces
  6995 | D:4      | Identified the +10 arbalest of the Open Hand {freeze, rN+}
                  | (You bought it in a shop on level 4 of the Dungeon)
  7081 | D:6      | Identified the +4 robe of Benevolence {Int+4}
  7102 | D:6      | HP: 32/64 [centaur (2)]
  7105 | D:6      | Reached skill level 1 in Crossbows
  7109 | D:6      | HP: 31/64 [leopard gecko (2)]
  7303 | D:6      | HP: 32/65 [leopard gecko (3)]
  7308 | D:6      | HP: 28/65 [leopard gecko (4)]
  7313 | D:6      | Reached skill level 2 in Crossbows
  7315 | D:6      | HP: 28/65 [something (1)]
  7535 | D:6      | Found a stormy altar of Qazlal.
  7670 | D:6      | Found a sparkling altar of Nemelex Xobeh.
  7816 | D:6      | Found a staircase to the Ecumenical Temple.
  7822 | Temple   | Entered the Ecumenical Temple
  7831 | Temple   | Became a worshipper of Warmaster Okawaru
  7925 | D:7      | Reached skill level 3 in Crossbows
  8090 | D:7      | Reached skill level 7 in Fighting
  8111 | D:7      | Reached XP level 9. HP: 64/72 MP: 13/13
  8117 | D:7      | HP: 24/72 [ogre/+0 giant club (14)]
  8121 | D:7      | Reached skill level 4 in Crossbows
  8122 | D:7      | HP: 23/72 [worker ant (2)]
  8182 | D:7      | HP: 35/72 [adder (1)]
  8472 | D:7      | Found a runed door.
  8618 | D:7      | HP: 35/72 [acid (4)]
  8622 | D:7      | Reached * piety under Okawaru
  8998 | D:7      | Reached skill level 5 in Crossbows
  8998 | D:7      | Reached skill level 1 in Invocations
  9350 | D:7      | Reached skill level 2 in Invocations
  9439 | D:7      | You fall through a shaft!
  9439 | D:8      | Found a sacrificial altar of Ru.
  9701 | D:7      | Noticed Crazy Yiuf
  9702 | D:7      | Killed Crazy Yiuf
  9702 | D:7      | Reached skill level 8 in Fighting
  9753 | D:8      | Noticed a two-headed ogre
  9754 | D:8      | HP: 37/74 [two-headed ogre/+0 giant spiked club (7)]
  9756 | D:8      | Killed a two-headed ogre
  9756 | D:8      | Reached ** piety under Okawaru
  9756 | D:8      | Reached skill level 6 in Crossbows
  9756 | D:8      | Reached skill level 3 in Invocations
  9947 | D:8      | Found a sacrificial altar of Ru.
  9974 | D:8      | Reached XP level 10. HP: 81/81 MP: 14/14
 10253 | D:8      | Found a staircase to the Lair.
 10326 | D:8      | Found a runed gate.
 10327 | D:8      | Found a runed gate.
 10345 | D:8      | Found a runed gate.
 10345 | D:8      | Noticed Xoff's ghost (novice MiFi)
 10569 | D:8      | HP: 39/82 [Xoff's ghost (3)]
 10571 | D:8      | Killed Xoff's ghost
 10571 | D:8      | Reached skill level 7 in Crossbows
 10811 | D:9      | Reached skill level 4 in Invocations
 10951 | D:9      | Reached *** piety under Okawaru
 10980 | D:9      | HP: 41/82 [killer bee (1)]
 10985 | D:9      | HP: 32/82 [black bear (4)]
 10986 | D:9      | Reached skill level 9 in Fighting
 11491 | D:9      | Noticed a two-headed ogre
 11494 | D:9      | HP: 27/83 [two-headed ogre/+0 giant club (23)]
 11495 | D:9      | HP: 6/83 [two-headed ogre/+0 giant club (8)]
 11518 | D:9      | HP: 2/83 [two-headed ogre/+0 giant club (9)]
 11942 | D:9      | HP: 30/83 [orc priest/divine providence (14)]
 11943 | D:9      | Slain by an orc warrior

Vanquished Creatures
  A two-headed ogre (D:8)
  The ghost of Xoff the Protected, a novice MiFi of Okawaru (D:8)
  A hornet (D:8)
  A hippogriff (D:7)
  2 hungry ghosts
  Duvessa (D:4)
  2 sky beasts
  An ice beast (D:7)
  3 phantoms
  2 black bears
  2 necrophages
  6 ogres
  2 centaurs
  A crocodile (D:9)
  5 bullfrogs
  Dowan (D:4)
  4 scorpions
  9 killer bees
  2 howler monkeys
  4 crimson imps
  A bullfrog zombie (D:5)
  A centaur zombie (D:7)
  A jelly (D:7)
  2 hounds
  Crazy Yiuf (D:7)
  4 orc priests
  7 orc wizards
  An iguana (D:7)
  5 worker ants
  A killer bee zombie (D:9)
  3 gnolls (D:5)
  A worker ant zombie (D:5)
  7 adders
  An ooze (D:1)
  An adder skeleton (D:8)
  An adder zombie (D:7)
  5 worms
  2 dart slugs
  7 leopard geckos
  24 orcs
  10 giant cockroaches
  2 gnoll zombies (D:2)
  4 goblins
  5 hobgoblins (D:3)
  11 jackals
  5 kobolds
  3 quokkas
  3 ball pythons
  A ball python skeleton (D:6)
  5 bats
  4 frilled lizards
  A jackal skeleton (D:7)
  A quokka skeleton (D:6)
  9 rats
191 creatures vanquished.

Table legend:
 A = Turns spent in this place as a percentage of turns spent in the entire game.
 B = Non-inter-level travel turns spent in this place as a percentage of non-inter-level travel turns spent in the entire game.
 C = Inter-level travel turns spent in this place as a percentage of turns spent in this place.
 D = Turns resting spent in this place as a percentage of non-inter-level travel turns spent in this place.
 E = Turns spent auto-exploring this place as a percentage of non-inter-level travel turns spent in this place.
 F = Non-inter-level travel turns spent in this place divided by the number of levels of this place that you've seen.
                   A       B       C       D       E      F
               +-------+-------+-------+-------+-------+----------------------
         Total | 100.0 | 100.0 |   5.1 |  36.7 |  46.0 | 1133.8
       Dungeon |  99.8 |  99.9 |   5.0 |  36.8 |  46.1 | 1258.6
        Temple |   0.2 |   0.1 |  42.1 |   0.0 |   9.1 |  11.0
               +-------+-------+-------+-------+-------+----------------------
